 Dungeon Crawl Stone Soup version 0.28.0-53-g5a82cb258f (webtiles) character file.

Game seed: 16774806571232964739

3662 Faeu the Cleaver (level 9, -9/86 HPs)
             Began as a Minotaur Berserker on May 25, 2022.
             Was a Priest of Trog.
             Mangled by an orc warrior
             ... wielding a +0 long sword
              (12 damage)
             ... on level 8 of the Dungeon.
             The game lasted 00:24:56 (8534 turns).

Faeu the Cleaver (Minotaur Berserker)               Turns: 8534, Time: 00:24:56

Health: -9/86      AC: 13    Str: 27    XL:     9   Next: 89%
Magic:  0/8        EV:  9    Int:  4    God:    Trog [***...]
Gold:   417        SH:  0    Dex:  9    Spells: 8/8 levels left

rFire   . . .      SeeInvis .   J - +2 hand axe {axe}
rCold   . . .      Faith    .   (no shield)
rNeg    . . .      Spirit   +   A - +0 chain mail
rPois   .          Reflect  .   N - +0 hat
rElec   .          Harm     .   m - +0 cloak
rCorr   +          Rampage  .   (no gloves)
Will    .....                   (no boots)
Stlth   ..........              k - amulet of guardian spirit
HPRegen 0.24/turn               s - ring of resist corrosion
MPRegen 0.11/turn               D - +4 ring of protection

@: mighty, marked, on berserk cooldown, slowed, very slow
A: horns 2, retaliatory headbutt
a: Renounce Religion, Berserk, Trog's Hand


You were on level 8 of the Dungeon.
You worshipped Trog.
Trog was most pleased with you.
You visited 1 branch of the dungeon, and saw 8 of its levels.

You collected 417 gold pieces.


Innate Abilities, Weirdness & Mutations

You have a pair of horns on your head.
You reflexively headbutt those who attack you in melee.


   Skills:
 - Level 10.7 Fighting
 + Level 14.0 Axes
 - Level 2.4 Armour
 - Level 2.1 Dodging


You had 8 spell levels left.
You didn't know any spells.
Your spell library contained the following spells:

 Spells                   Type           Power      Damage    Failure   Level
 Animate Skeleton         Necr           0%         N/A       98%         1
 Pain                     Necr           0%         1d4       98%         1
 Summon Small Mammal      Summ           0%         N/A       98%         1
 Sublimation of Blood     Necr           0%         N/A       99%         2
 Wereblood                Tmut           0%         N/A       99%         2
 Call Canine Familiar     Summ           0%         N/A       100%        3
 Dazzling Flash           Conj/Hex       0%         N/A       100%        3
 Ozocubu's Armour         Ice            0%         N/A       100%        3
 Summon Guardian Golem    Hex/Summ       0%         N/A       100%        3
 Vampiric Draining        Necr           0%         2d6       100%        3
 Agony                    Necr           0%         N/A       100%        5
 Fireball                 Conj/Fire      0%         3d3       100%        5
 Iskenderun's Battlesphe  Conj           0%         2d6       100%        5
 Metabolic Englaciation   Hex/Ice        0%         N/A       100%        5
 Silence                  Hex/Air        0%         N/A       100%        5
 Conjure Ball Lightning   Conj/Air       0%         3x3d6     100%        6
 Simulacrum               Ice/Necr       0%         N/A       100%        6
 Orb of Destruction       Conj           0%         9d5       100%        7
 Summon Hydra             Summ           0%         N/A       100%        7

Inventory:

Hand Weapons
 a - a +0 hand axe {axe}
 n - a +1 mace of protection {mace}
   (You took it off an orc on level 3 of the Dungeon)
 I - a +4 halberd {polearm}
   (You took it off a wight on level 7 of the Dungeon)
 J - a +2 hand axe (weapon) {axe}
   (You took it off a wight on level 7 of the Dungeon)
 K - a +4 halberd {polearm}
   (You took it off a wight on level 7 of the Dungeon)
 L - a +4 dire flail {mace}
   (You took it off a wight on level 7 of the Dungeon)
Armour
 b - a +0 animal skin
 m - a +0 cloak (worn)
   (You found it on level 3 of the Dungeon)
 z - +0 acid dragon scales
   (You found it on level 6 of the Dungeon)
 A - a +0 chain mail (worn)
   (You took it off an orc on level 3 of the Dungeon)
 N - a +0 hat (worn)
   (You took it off Gastronok on level 8 of the Dungeon)
Jewellery
 k - an amulet of guardian spirit (around neck)
   (You found it on level 2 of the Dungeon)
 s - a ring of resist corrosion (left hand)
   (You found it on level 4 of the Dungeon)
 C - an amulet of magic regeneration {@e2}
   (You found it on level 6 of the Dungeon)
 D - a +4 ring of protection (right hand)
   (You found it on level 7 of the Dungeon)
 E - a ring of magical power
   (You found it on level 7 of the Dungeon)
 F - a ring of see invisible
   (You found it on level 7 of the Dungeon)
Wands
 l - a wand of polymorph (13)
   (You found it on level 3 of the Dungeon)
 u - a wand of flame (24)
   (You found it on level 5 of the Dungeon)
 M - a wand of digging (8)
   (You found it on level 7 of the Dungeon)
Scrolls
 c - 2 scrolls of fog {unknown}
 e - 3 scrolls of identify {@r1}
 f - 4 scrolls of teleportation {@r4}
 h - a scroll of summoning {unknown}
 i - 3 scrolls of fear {unknown}
 j - 2 scrolls of enchant weapon {unknown}
 o - 3 scrolls of blinking {unknown}
 x - a scroll of vulnerability {unknown}
 y - a scroll of amnesia {unknown}
 B - a scroll of holy word {unknown}
 G - a scroll of noise {unknown}
Potions
 d - 4 potions of curing {@q1}
 g - a potion of might
 p - 3 potions of heal wounds {unknown}
 q - 3 potions of mutation {unknown}
 r - 4 potions of flight {unknown}
 t - 2 potions of magic {unknown}
 v - 2 potions of brilliance {unknown}
 w - 3 potions of attraction {unknown}
 H - 2 potions of lignification {unknown}

Dungeon Overview and Level Annotations

Branches:
Dungeon (8/15)             Temple (0/1) D:7
   Lair: D:8-11

Altars:

Shops:
D:7 *

Annotations:
D:8 Harold

#....##.##.#.#
.....).....#.#
#....##.#..#.#
##.#.##....#.#########
#...................
##.###....#...#....
#.# #.#.##...# .####.#
#<#
#.#....#####o......
#.# #.####...#@@o#
###.###.######.#o###
..#..............#
#.#.###.######..##
#.......... ..#...
###.##########.####
###.# ## ....# #####


You could see Harold, an orc warrior, an orc priest and an orc.


Message History

You feel yourself slow down.
An orc comes into view. It is wielding a +0 dagger.
The orc priest invokes the aid of Beogh against you.
Beogh smites you! 😕 HP[-49] MP[-1]
You now have 86 max hp (-43).
You take 49 damage, and now have 70/86 hp.
MASSIVE DAMAGE!! (PAUSE)
You lost 1 mp, and now have 6/8 mp.
You struggle against the net.
Harold grumbles, "Just give up already, I want to go home!"
Harold barely misses you. 😕 HP[+1]
You rip the net and break free!
The orc priest looks satisfied for a moment.
Harold hits you with a +0 flail! x2 😮 HP[-16] MP[-2]
You take 16 damage, and now have 55/86 hp.
You lost 2 mp, and now have 4/8 mp.
You slash Harold! You headbutt Harold.
Harold hits you with a +0 flail. 😮 HP[-6]
You take 6 damage, and now have 49/86 hp.
You slash Harold! Harold closely misses you. 😮 HP[+1]
You hit Harold but do no damage. You headbutt Harold. You hit Harold.
You headbutt Harold.
You hit the orc warrior but do no damage.
Harold closely misses you.
You barely miss Harold. You hit the orc warrior. The orc warrior misses you.
Harold hits you with a +0 flail!
* * * LOW HITPOINT WARNING * * *
The orc priest looks satisfied for a moment. 😨 HP[-14] MP[-1]
You take 14 damage, and now have 36/86 hp.
You lost 1 mp, and now have 3/8 mp.
You hit Harold but do no damage. You completely miss the orc warrior.
The orc warrior barely misses you. Harold barely misses you.
You hit Harold.
You hit the orc warrior but do no damage.
The orc warrior hits you but does no damage.
Harold closely misses you. You furiously retaliate!
You headbutt Harold. 😨 HP[+1]
The orc warrior hits you with a +0 long sword!
* * * LOW HITPOINT WARNING * * *
😨 HP[-7] MP[-1]
You take 7 damage, and now have 30/86 hp.
You lost 1 mp, and now have 2/8 mp.
You hit the orc warrior but do no damage.
The orc warrior hits you but does no damage.
You hit the orc warrior.
You headbutt the orc warrior, but do no damage.
Your punch misses the orc warrior. You closely miss the orc warrior.
The orc warrior barely misses you. 😨 HP[+1]
You hit the orc warrior but do no damage.
Harold pauses a moment, imagining something with a smile on his face.
Harold points at you and mumbles some strange words.
A sentinel's mark forms upon you.
You completely miss the orc. You barely miss the orc warrior.
The orc warrior hits you with a +0 long sword!
* * * LOW HITPOINT WARNING * * *
😱 HP[-11]
You take 11 damage, and now have 20/86 hp.
You hit Harold but do no damage. You headbutt Harold.
You hit the orc warrior but do no damage.
The orc warrior hits you with a +0 long sword.
* * * LOW HITPOINT WARNING * * *
An orc comes into view. It is wielding a +0 club. 😱 HP[-1]
You take 1 damage, and now have 19/86 hp.
As you read the scroll labelled IXEKAE RORHA, it crumbles to dust.
It is a scroll of identify.
f - 4 scrolls of teleportation The orc warrior hits you with a +0 long sword.
* * * LOW HITPOINT WARNING * * *
Harold hits you with a +0 flail!
* * * LOW HITPOINT WARNING * * *
The orc warrior hits you but does no damage. 😱 HP[-10] MP[-1]
You take 10 damage, and now have 9/86 hp.
You lost 1 mp, and now have 1/8 mp.
You feel better. Harold closely misses you.
The orc warrior hits you but does no damage.
Harold closely misses you. 😱 HP[+11]
You regained 11 hp, and now have 20/86 hp.
It was a potion of might.
You feel very mighty all of a sudden. The orc warrior barely misses you.
You furiously retaliate!
You headbutt the orc warrior! Harold hits you with a +0 flail!
* * * LOW HITPOINT WARNING * * *
The orc warrior hits you with a +0 long sword.
* * * LOW HITPOINT WARNING * * *
😱 HP[-18]
You take 18 damage, and now have 2/86 hp.
MASSIVE DAMAGE!! (PAUSE)
You feel better. Harold hits you with a +0 flail!
* * * LOW HITPOINT WARNING * * *
The orc warrior hits you with a +0 long sword!
You die...

Skill      XL: |  1  2  3  4  5  6  7  8  9 |
---------------+----------------------------+-----
Fighting       | 4 5 6 7 8 10 | 10.7
Axes           | 4 5 6 7 8 10 14 | 14.0
Armour         | |  2.4
Dodging        | |  2.1

Action                   |  1- 3 |  4- 6 |  7- 9 || total
-------------------------+-------+-------+-------++-------
Melee: Hand axe          |    86 |       |    79 ||   165
       Headbutt          |     9 |    18 |    49 ||    76
       Mace              |       |    81 |   200 ||   281
       Punch             |       |     2 |     5 ||     7
Invok: Berserk           |     1 |     2 |     8 ||    11
Evoke: Wand              |       |       |     2 ||     2
  Use: Potion            |       |       |     3 ||     3
       Scroll            |       |       |     1 ||     1
 Stab: Sleeping          |     1 |       |     1 ||     2
Armor: Animal skin       |    14 |    27 |    65 ||   106
       Chain mail        |       |       |    96 ||    96
Dodge: Dodged            |    55 |    68 |   155 ||   278

Levels and vault maps discovered:
D:1:      amcnicky_arrival_blooded_trapdoor, layout_loops_corners,
          dilly_ecumenical_altar_fadedgnrine
D:2:      layout_basic
D:3:      layout_basic, kennysheep_generic_room_14
D:4:      layout_cave_pools
D:5:      nicolae_cairo_tiling, layout_gridville
D:6:      layout_loops_ring, uniq_maggie
D:7:      layout_gridville, minmay_temple_entry_statues_fountains,
          nicolae_elemental_shop, dk_vineyard_2
D:8:      layout_loops_ring, erik_lair_island, uniq_gastronok, uniq_maurice,
          uniq_prince_ribbit1, uniq_erica, uniq_harold

Notes
Turn   | Place    | Note
-------+----------+-------------------------------------------
     0 | D:1      | Faeu the Minotaur Berserker began the quest for the Orb.
     0 | D:1      | Reached XP level 1. HP: 19/19 MP: 0/0
     0 | D:1      | magus.rc [v1.9.6]
   446 | D:1      | Reached skill level 4 in Fighting
   446 | D:1      | Reached skill level 4 in Axes
   446 | D:1      | Reached XP level 2. HP: 23/27 MP: 1/1
   504 | D:1      | You pick up a book of Winter {forbidden} and begin
                  | reading...
   504 | D:1      | You add the spells Ozocubu's Armour, Metabolic Englaciation
                  | and Simulacrum to your library.
   931 | D:1      | Found a faded altar of an unknown god.
  1365 | D:2      | Reached XP level 3. HP: 22/34 MP: 2/2
  2046 | D:2      | Reached ** piety under Trog
  2367 | D:3      | Reached XP level 4. HP: 30/41 MP: 3/3
  2570 | D:3      | Reached skill level 5 in Fighting
  2570 | D:3      | Reached skill level 5 in Axes
  3295 | D:3      | You pick up a book of the Senses {forbidden} and begin
                  | reading...
  3295 | D:3      | You add the spells Dazzling Flash, Agony and Silence to
                  | your library.
  3512 | D:4      | You pick up a book of Necromancy {forbidden} and begin
                  | reading...
  3512 | D:4      | You add the spells Pain, Animate Skeleton and Vampiric
                  | Draining to your library.
  3529 | D:4      | Reached XP level 5. HP: 48/48 MP: 4/4
  3699 | D:4      | Noticed a wyvern
  3708 | D:4      | Killed a wyvern
  3709 | D:4      | Reached skill level 6 in Fighting
  3709 | D:4      | Reached skill level 6 in Axes
  3709 | D:4      | Reached XP level 6. HP: 39/58 MP: 2/5
  3873 | D:4      | You pick up a book of the Spheres {forbidden} and begin
                  | reading...
  3873 | D:4      | You add the spells Iskenderun's Battlesphere, Fireball,
                  | Conjure Ball Lightning and Orb of Destruction to your
                  | library.
  3959 | D:4      | Reached skill level 7 in Fighting
  3959 | D:4      | Reached skill level 7 in Axes
  3966 | D:4      | Noticed a steam dragon
  3980 | D:4      | Killed a steam dragon
  3981 | D:4      | Reached XP level 7. HP: 54/66 MP: 1/6
  4774 | D:5      | Entered Level 5 of the Dungeon
  4859 | D:5      | Reached skill level 8 in Fighting
  4859 | D:5      | Reached skill level 8 in Axes
  4912 | D:5      | magus.rc [v1.9.6]
  5429 | D:5      | You pick up a book of Blood {forbidden} and begin
                  | reading...
  5429 | D:5      | You add the spells Sublimation of Blood, Wereblood and
                  | Summon Hydra to your library.
  5450 | D:5      | Reached XP level 8. HP: 75/75 MP: 7/7
  5459 | D:5      | Reached *** piety under Trog
  6035 | D:6      | Reached skill level 9 in Fighting
  6035 | D:6      | Reached skill level 9 in Axes
  6237 | D:6      | Noticed Maggie
  6242 | D:6      | Noticed Maggie
  6242 | D:6      | Maggie changed into Maggie the fire bat
  6244 | D:6      | Killed Maggie the fire bat
  6465 | D:6      | You pick up a book of Callings {forbidden} and begin
                  | reading...
  6465 | D:6      | You add the spells Summon Small Mammal, Call Canine
                  | Familiar and Summon Guardian Golem to your library.
  6540 | D:6      | Reached skill level 10 in Fighting
  6540 | D:6      | Reached skill level 10 in Axes
  7088 | D:7      | Found a staircase to the Ecumenical Temple.
  7288 | D:7      | Found Megaudorch's Elemental Accessories.
  7603 | D:7      | Reached XP level 9. HP: 83/83 MP: 8/8
  7889 | D:8      | Noticed a troll
  7903 | D:8      | Reached skill level 11 in Axes
  7938 | D:8      | Noticed Gastronok
  7972 | D:8      | Killed Gastronok
  7973 | D:8      | Reached skill level 13 in Axes
  8280 | D:8      | Reached skill level 14 in Axes
  8509 | D:8      | Noticed Harold
  8529 | D:8      | HP: 20/86 [orc warrior/+0 long sword (11)]
  8531 | D:8      | HP: 9/86 [Harold/+0 flail (7)]
  8533 | D:8      | HP: 2/86 [orc warrior/+0 long sword (5)]
  8534 | D:8      | Mangled by an orc warrior

Vanquished Creatures
  Gastronok (D:8)
  A wyvern (D:4)
  A fire bat (D:6)
  A steam dragon (D:4)
  An orc warrior (D:8)
  2 sky beasts (D:6)
  4 wolves (D:8)
  A kobold brigand (D:7)
  3 scorpions
  A water moccasin skeleton (D:4)
  5 killer bees (D:6)
  5 wights (D:7)
  A centaur zombie (D:7)
  4 bullfrog skeletons
  A hound (D:8)
  4 jellies
  2 orc priests (D:4)
  3 iguanas
  5 orc wizards
  A killer bee zombie (D:6)
  A hound skeleton (D:4)
  7 adders
  6 gnolls
  2 shadow imps
  2 white imps
  An ufetubus (D:6)
  3 worms (D:3)
  6 dart slugs
  28 orcs
  4 ball pythons
  9 bats
  8 endoplasms
  A giant cockroach (D:4)
  5 goblins
  13 hobgoblins
  10 kobolds
  2 quokkas
  A frilled lizard (D:2)
  3 rats
159 creatures vanquished.

Table legend:
 A = Non-vault XP
 B = Vault XP
 C = Vault XP percentage of total XP
 D = Non-vault monster count
 E = Vault monster count
 F = Vault count percentage of total count
                 A         B        C        D         E       F
            +---------+---------+-------+---------+---------+-------
      Total |    3031 |    2201 |  42.1 |     152 |       7 |   4.4
            +---------+---------+-------+---------+---------+-------
        D:1 |      34 |       0 |   0.0 |      20 |       0 |   0.0
        D:2 |      46 |       0 |   0.0 |      19 |       0 |   0.0
        D:3 |     104 |       0 |   0.0 |      25 |       0 |   0.0
        D:4 |     843 |       0 |   0.0 |      30 |       0 |   0.0
        D:5 |     499 |       0 |   0.0 |      18 |       0 |   0.0
        D:6 |     736 |     190 |  20.5 |      15 |       1 |   6.2
        D:7 |     582 |       0 |   0.0 |      20 |       0 |   0.0
        D:8 |     187 |    2011 |  91.5 |       5 |       6 |  54.5
            +---------+---------+-------+---------+---------+-------

Illustrated notes

Table legend:
 A = Kills in this place as a percentage of kills in entire the game.
 B = Kills by you in this place as a percentage of kills by you in the entire game.
 C = Kills by friends in this place as a percentage of kills by friends in the entire game.
 D = Other kills in this place as a percentage of other kills in the entire game.
 E = Experience gained in this place as a percentage of experience gained in the entire game.
 F = Experience gained in this place divided by the number of levels of this place that you have seen.
                   A       B       C       D       E      F
               +-------+-------+-------+-------+-------+----------------------
         Total | 100.0 | 100.0 |   N/A |   N/A | 100.0 | 654.0
       Dungeon | 100.0 | 100.0 |   N/A |   N/A | 100.0 | 654.0
               +-------+-------+-------+-------+-------+----------------------

Table legend: (Time is in decaauts)
 A = Elapsed time spent in this place.
 B = Non-inter-level travel time spent in this place.
 C = Inter-level travel time spent in this place.
 D = Time resting spent in this place.
 E = Time spent auto-exploring this place.
 F = Levels seen in this place.
 G = Mean time per level.
                   A        B        C        D        E       F      G
               +--------+--------+--------+--------+--------+-----+--------+
         Total |   8695 |   8212 |    483 |    866 |   5957 |   8 | 1086.9 |
       Dungeon |   8695 |   8212 |    483 |    866 |   5957 |   8 | 1086.9 |
               +--------+--------+--------+--------+--------+-----+--------+

Top non-repeatable levels by time:
     D:3: 1413 daAuts
     D:4: 1375 daAuts
     D:5: 1313 daAuts
     D:1: 1271 daAuts
     D:6: 942 daAuts
     D:2: 844 daAuts
     D:7: 827 daAuts
     D:8: 706 daAuts
